 Dungeon Crawl Stone Soup version 0.29-a0-340-g6efceafd81 (webtiles) character file.

Game seed: 4888606569355349709

3 spaghetti the Caller (level 1, 11/15 HPs)
             Began as a Demonspawn Summoner on Apr 20, 2022.
             Quit the game on level 1 of the Dungeon.
             The game lasted 00:00:51 (265 turns).

spaghetti the Caller (Demonspawn Summoner)           Turns: 265, Time: 00:00:52

Health: 11/15      AC:  2    Str:  8    XL:     1   Next: 41%
Magic:  0/3        EV: 12    Int: 16    God:
Gold:   14         SH:  0    Dex: 13    Spells: 3/4 levels left

rFire   . . .      SeeInvis .   (no weapon)
rCold   . . .      Faith    .   (no shield)
rNeg    . . .      Spirit   .   a - +0 robe
rPois   .          Reflect  .   (no helmet)
rElec   .          Harm     .   (no cloak)
rCorr   .          Rampage  .   (no gloves)
Will    .....                   (no boots)
Stlth   ++........              (no amulet)
HPRegen 0.05/turn               (no ring)
MPRegen 0.08/turn               (no ring)

@: no status effects
A: no striking features
a: no special abilities


You were on level 1 of the Dungeon.
You visited 1 branch of the dungeon, and saw 1 of its levels.

You collected 14 gold pieces.


   Skills:
 + Level 1.0 Fighting
 - Level 1.7 Dodging
 - Level 1.7 Stealth
 - Level 2.0 Spellcasting
 - Level 4.0 Summonings


You had 3 spell levels left.
You knew the following spells:

 Your Spells              Type           Power      Damage    Failure   Level
a - Summon Small Mammal   Summ           56%        N/A       4%          1

Your spell library contained the following spells:

 Spells                   Type           Power      Damage    Failure   Level
 Call Imp                 Summ           14%        N/A       6%          2
 Call Canine Familiar     Summ           14%        N/A       12%         3
 Summon Guardian Golem    Hex/Summ       8%         N/A       26%         3
 Summon Lightning Spire   Summ/Air       8%         N/A       65%         4

Inventory:

Hand Weapons
 d - a +0 dagger {short}
   (You took it off a kobold on level 1 of the Dungeon)
Missiles
 e - 5 stones {throwing}
Armour
 a - a +0 robe (worn)
Potions
 b - a potion of magic
 c - a potion of might {unknown}

Dungeon Overview and Level Annotations

Branches:
Dungeon (1/15)

Altars:

..[##........#..#
................#
.#.##.#.##.######
#. #.#.##.#
.....#.##.# ..
#.##.#
#.##.#.##b#######
.......b........#
#.....w@..........
#.####.##########.
... ####


You could see a dart slug (ally target) and 2 friendly bats.


Message History

😕 HP[-1]
You take 1 damage, and now have 12/14 hp.
You hit the kobold but do no damage. The kobold barely misses you.
You hit the kobold but do no damage. The kobold hits you but does no damage.
Casting: Summon Small Mammal (safe; 4% risk of failure)
Confirm with . or Enter, or press ? or * to list all spells.
The kobold hits you with a +0 dagger. 😮 HP[-2] MP[-1]
You take 2 damage, and now have 10/14 hp.
You lost 1 mp, and now have 0/3 mp.
You hit the kobold but do no damage. The kobold hits you but does no damage.
Your bat closely misses the kobold.
You hit the kobold but do no damage.
Your bat closely misses the kobold. x2
The kobold hits you with a +0 dagger.
Your bat barely misses the kobold. 😮 HP[-1]
You take 1 damage, and now have 9/14 hp.
You hit the kobold but do no damage. Your bat hits the kobold.
Your bat completely misses the kobold.
Your bat hits the kobold but does no damage.
The kobold barely misses your bat.
Your bat hits the kobold but does no damage.
You catch the helpless kobold completely off-guard!
You hit the kobold.
You kill the kobold!
Your Fighting skill increases to level 1! 😮 HP[+1]
You now have 15 max hp (+1).
You swap places.
d - a +0 dagger {short};
e - 5 stones {throwing} You start resting. 😮 HP[+1] MP[+3]
Your mp is fully restored (3).
Your bat disappears in a puff of smoke!
Key pressed, stopping explore.
You now have 14 gold pieces.
Key pressed, stopping explore.
A dart slug comes into view. 😎 HP[+4]
Your hp is fully restored (15).
A dart slug is nearby!
Unknown command.
Casting: Summon Small Mammal (safe; 4% risk of failure)
Confirm with . or Enter, or press ? or * to list all spells.
The dart slug launches a dart at you. The slug dart misses you. 😎 MP[-1]
You lost 1 mp, and now have 2/3 mp.
Casting: Summon Small Mammal (safe; 4% risk of failure)
Confirm with . or Enter, or press ? or * to list all spells.
The dart slug launches a dart at you. The slug dart hits you. 😮 HP[-4] MP[-1]
You take 4 damage, and now have 11/15 hp.
MASSIVE DAMAGE!! (PAUSE)
You lost 1 mp, and now have 1/3 mp.
What are your orders? t - Shout!
Orders for allies: a - Attack new target. r - Retreat! s - Stop attacking. g - Guard the area. f - Follow me.
Anything else - Cancel.
Gang up on whom?
Press: ? - help, Dir - move target, f - dart slug
Aim: a dart slug (ally target) Attack!
Your bat hits the dart slug.
Your bat hits the dart slug but does no damage.
You start resting.
A dart slug is nearby!
What are your orders? t - Shout!
Orders for allies: a - Attack new target. p - Attack previous target. r - Retreat! s - Stop attacking. g - Guard the area. f - Follow me.
Anything else - Cancel.
Gang up on whom?
Press: ? - help, Dir - move target, f/p - dart slug
Aim: a dart slug (lightly wounded, ally target) Attack!
Your quokka bites the dart slug.
The dart slug bites your quokka.
Your quokka bites the dart slug.
The dart slug launches a dart at you. The slug dart hits your quokka.
Your quokka dies!
Your quokka's corpse disappears in a puff of smoke! 😮 MP[+1]
Casting: Summon Small Mammal (safe; 4% risk of failure)
Confirm with . or Enter, or press ? or * to list all spells.
😮 MP[-1]
You lost 1 mp, and now have 1/3 mp.
Casting: Summon Small Mammal (safe; 4% risk of failure)
Confirm with . or Enter, or press ? or * to list all spells.
Your bat hits the dart slug but does no damage. 😮 MP[-1]
You lost 1 mp, and now have 0/3 mp.
Really attack while wielding nothing? [Y]es or [N]o only, please.
Really attack while wielding nothing?
Okay, then.
Are you sure you want to abandon this character and quit the game? (Confirm with "yes".)

Skill      XL: |  1 |
---------------+----+-----
Fighting       | 1 |  1.0
Dodging        | |  1.7
Stealth        | |  1.7
Spellcasting   | |  2.0
Summonings     | |  4.0

Action                   || total
-------------------------++-------
Melee: Unarmed           ||    11
 Cast: Summon Small Mamm ||    14
 Stab: Distracted        ||     1
Armor: Robe              ||     4
Dodge: Dodged            ||    14

Levels and vault maps discovered:
D:1:      sevenhm_arrival_forest_fort_small_4, layout_basic,
          dreamdust_wishing_well, minmay_misc_feat_room, st_stairs_2

Notes
Turn   | Place    | Note
-------+----------+-------------------------------------------
     0 | D:1      | spaghetti the Demonspawn Summoner began the quest for the
                  | Orb.
     0 | D:1      | Reached XP level 1. HP: 13/13 MP: 3/3
     0 | D:1      | magus.rc [v1.9.6]
   137 | D:1      | Reached skill level 1 in Fighting
   265 | D:1      | Quit the game

Vanquished Creatures
  A bat (D:1)
  A kobold (D:1)
2 creatures vanquished.

Vanquished Creatures (others)
  A rat (D:1)
1 creature vanquished.

Grand Total: 3 creatures vanquished

Table legend:
 A = Non-vault XP
 B = Vault XP
 C = Vault XP percentage of total XP
 D = Non-vault monster count
 E = Vault monster count
 F = Vault count percentage of total count
                 A         B        C        D         E       F
            +---------+---------+-------+---------+---------+-------
      Total |       5 |       0 |   0.0 |       3 |       0 |   0.0
            +---------+---------+-------+---------+---------+-------
        D:1 |       5 |       0 |   0.0 |       3 |       0 |   0.0
            +---------+---------+-------+---------+---------+-------

Illustrated notes

Table legend:
 A = Kills in this place as a percentage of kills in entire the game.
 B = Kills by you in this place as a percentage of kills by you in the entire game.
 C = Kills by friends in this place as a percentage of kills by friends in the entire game.
 D = Other kills in this place as a percentage of other kills in the entire game.
 E = Experience gained in this place as a percentage of experience gained in the entire game.
 F = Experience gained in this place divided by the number of levels of this place that you have seen.
                   A       B       C       D       E      F
               +-------+-------+-------+-------+-------+----------------------
         Total | 100.0 | 100.0 |   N/A | 100.0 | 100.0 |   5.0
       Dungeon | 100.0 | 100.0 |   N/A | 100.0 | 100.0 |   5.0
               +-------+-------+-------+-------+-------+----------------------

Table legend: (Time is in decaauts)
 A = Elapsed time spent in this place.
 B = Non-inter-level travel time spent in this place.
 C = Inter-level travel time spent in this place.
 D = Time resting spent in this place.
 E = Time spent auto-exploring this place.
 F = Levels seen in this place.
 G = Mean time per level.
                   A        B        C        D        E       F      G
               +--------+--------+--------+--------+--------+-----+--------+
         Total |    269 |    269 |      0 |     28 |    142 |   1 |  269.0 |
       Dungeon |    269 |    269 |      0 |     28 |    142 |   1 |  269.0 |
               +--------+--------+--------+--------+--------+-----+--------+

Top non-repeatable levels by time:
     D:1: 269 daAuts
